 Dungeon Crawl Stone Soup version 0.29-a0-322-g68df515428 (webtiles) character file.

Game seed: 8883065705715205165

178 kae the Firebug (level 5, -2/30 HPs)
             Began as a Tengu Fire Elementalist on Apr 7, 2022.
             Slain by a wight
             ... wielding a +2 long sword
              (8 damage)
             ... on level 4 of the Dungeon.
             The game lasted 00:02:00 (3460 turns).

kae the Firebug (Tengu Fire Elementalist)           Turns: 3460, Time: 00:02:01

Health: -2/30      AC:  2    Str:  9    XL:     5   Next: 58%
Magic:  7/18       EV: 15    Int: 17    God:
Gold:   159        SH:  0    Dex: 14    Spells: 3/9 levels left

rFire   . . .      SeeInvis .   f - +2 mace (holy)
rCold   . . .      Faith    .   (no shield)
rNeg    . . .      Spirit   .   a - +0 robe
rPois   .          Reflect  .   (helmet restricted)
rElec   .          Harm     .   (no cloak)
rCorr   .          Rampage  .   (no gloves)
Will    .....                   (boots unavailable)
Stlth   ++........              (no amulet)
HPRegen 0.10/turn               j - ring of magical power
MPRegen 0.16/turn               (no ring)

@: flying quickly and evasively, very slightly contaminated, studying Axes,
quick
A: beak, talons 3, nimble flight
a: no special abilities


You were on level 4 of the Dungeon.
You visited 1 branch of the dungeon, and saw 4 of its levels.

You collected 171 gold pieces.
You spent 12 gold pieces at shops.

Inventory:

Hand Weapons
 f - a +2 mace of holy wrath (weapon)
Armour
 a - a +0 robe (worn)
Jewellery
 j - a ring of magical power (left hand)
 m - a +6 ring of dexterity
Scrolls
 g - 3 scrolls of teleportation
 k - a scroll of noise
 l - a scroll of enchant weapon
 n - a scroll of magic mapping
Potions
 b - a potion of magic
 c - 2 potions of heal wounds
 d - a potion of berserk rage
 e - 2 potions of invisibility
 h - a potion of attraction
 i - a potion of haste
 p - a potion of might {unknown}
 q - a potion of brilliance {unknown}


   Skills:
 + Level 1.8 Fighting
 + Level 2.1 Armour
 + Level 3.2 Dodging
 - Level 2.0 Stealth
 + Level 2.5 Spellcasting
 + Level 2.9 Conjurations
 + Level 4.1 Fire Magic


You had 3 spell levels left.
You knew the following spells:

 Your Spells              Type           Power      Damage    Failure   Level
a - Foxfire               Conj/Fire      56%        2x1d6     4%          1
b - Scorch                Fire           32%        2d7       5%          2
c - Conjure Flame         Conj/Fire      14%        6-21      13%         3

Your spell library contained the following spells:

 Spells                   Type           Power      Damage    Failure   Level
 Slow                     Hex            8%         N/A       19%         1
 Inner Flame              Hex/Fire       9%         N/A       24%         3
 Confusing Touch          Hex            2%         N/A       50%         3
 Vampiric Draining        Necr           2%         2d6       50%         3
 Flame Wave               Conj/Fire      14%        2d6       38%         4


Dungeon Overview and Level Annotations

Branches:
Dungeon (4/15)
 Temple: D:4-7

Altars:
Elyvilon

Shops:
D:2 *


Innate Abilities, Weirdness & Mutations

You have a beak for a mouth.
You have claws for feet.
Your magical nature lets you fly swiftly and evasively.


Message History

You conjure some foxfire!
The foxfire hits the wight.
The wight is moderately damaged.
The foxfire hits the wight.
The wight is moderately damaged.
Casting: Foxfire (safe; 4% risk of failure)
Confirm with . or Enter, or press ? or * to list all spells.
You conjure some foxfire!
The foxfire hits the wight but does no damage.
The wight is moderately damaged.
The foxfire hits the wight but does no damage.
The wight is moderately damaged.
Casting: Foxfire (safe; 4% risk of failure)
Confirm with . or Enter, or press ? or * to list all spells.
Flames lash the wight but do no damage.
The wight hits you with a +2 long sword!
Casting: Scorch (safe; 5% risk of failure)
Confirm with . or Enter, or press ? or * to list all spells.
You miscast Scorch.
You are very lightly contaminated with residual magic.
Nothing appears to happen.
The wight misses you.
A wight is nearby!
Casting: Scorch (safe; 5% risk of failure)
Confirm with . or Enter, or press ? or * to list all spells.
Flames lash the wight but do no damage.
The wight hits you with a +2 long sword!
The wight closely misses you.
Casting: Scorch (safe; 5% risk of failure)
Confirm with . or Enter, or press ? or * to list all spells.
Flames lash the wight.
The wight is heavily damaged.
The wight's fire resistance burns away.
The wight misses you.
The wight hits you with a +2 long sword!
* * * LOW HITPOINT WARNING * * *
Casting: Scorch (safe; 5% risk of failure)
Confirm with . or Enter, or press ? or * to list all spells.
You miscast Scorch.
Nothing appears to happen.
The wight is no longer more vulnerable to fire.
The wight hits you with a +2 long sword!
You die...

#...#........##+##
+.?.#........#
#...#........#
#.###........#
#+####.#.....######
#......#.....#
#.....)#.....#
#....†z+.....#
#.....@#.....#
#......#.....#
#......#.....#
#......#.....#
#......#.....#
#......'.....#
###+#####.....#
#........######
#........#


You could see a wight.

Vanquished Creatures
  A wight (D:4)
  An iguana (D:3)
  5 adders
  A worm (D:3)
  5 ball pythons
  3 bats
  3 endoplasms (D:2)
  2 giant cockroaches (D:2)
  A goblin (D:2)
  8 hobgoblins
  6 jackals
  2 quokkas (D:3)
  10 frilled lizards
  3 kobolds
  5 rats
56 creatures vanquished.

Vanquished Creatures (others)
  137 foxfires
  8 plants (D:1)
145 creatures vanquished.

Grand Total: 201 creatures vanquished

Notes
Turn   | Place    | Note
-------+----------+-------------------------------------------
     0 | D:1      | kae the Tengu Fire Elementalist began the quest for the
                  | Orb.
     0 | D:1      | Reached XP level 1. HP: 10/10 MP: 4/4
   408 | D:1      | Found a faded altar of an unknown god.
   441 | D:1      | Reached XP level 2. HP: 15/15 MP: 1/6
  1230 | D:2      | Learned a level 2 spell: Scorch
  1307 | D:2      | Found Jaomul's General Store.
  1319 | D:2      | Reached skill level 1 in Armour
  1319 | D:2      | Reached XP level 3. HP: 20/20 MP: 7/7
  1323 | D:2      | Learned a level 3 spell: Conjure Flame
  1342 | D:2      | Bought a scroll of noise for 12 gold pieces
  1564 | D:2      | Reached skill level 1 in Fighting
  2169 | D:2      | Reached XP level 4. HP: 25/25 MP: 8/8
  2551 | D:3      | Found a white marble altar of Elyvilon.
  3310 | D:4      | Gained mutation: Your magical nature lets you fly swiftly
                  | and evasively. [Tengu growth]
  3310 | D:4      | Reached XP level 5. HP: 29/29 MP: 9/9
  3412 | D:4      | Reached skill level 4 in Fire Magic
  3460 | D:4      | Slain by a wight

Illustrated notes

Levels and vault maps discovered:
D:1:      dpeg_arrival_orchard, layout_loops_ring,
          hellmonk_ecumenical_altar_heavens_door, minmay_lizard_king
D:2:      minmay_door_path, layout_loops_ring, serial_shops, shop
D:3:      layout_rooms, mainiacjoe_overflow_concentric_impassable, nrook_uturn,
          chequers_serial_rivers_micro_b
D:4:      layout_gridville, kennysheep_donut, kennysheep_generic_room_5

Skill      XL: |  1  2  3  4  5 |
---------------+----------------+-----
Armour         | 1 2 |  2.1
Conjurations   | 2 |  2.9
Fighting       | 1 |  1.8
Dodging        | 3 |  3.2
Fire Magic     | 4 |  4.1
Stealth        | |  2.0
Spellcasting   | |  2.5

Action                   |  1- 3 |  4- 6 || total
-------------------------+-------+-------++-------
Melee: Unarmed           |    15 |       ||    15
       Kick              |     1 |       ||     1
       Peck              |     1 |       ||     1
 Cast: Foxfire           |    61 |    26 ||    87
       Scorch            |    10 |    14 ||    24
  Use: Scroll            |     6 |     6 ||    12
       Potion            |     1 |       ||     1
Armor: Robe              |    10 |       ||    10
Dodge: Dodged            |    36 |    10 ||    46

Table legend: (Time is in decaauts)
 A = Elapsed time spent in this place.
 B = Non-inter-level travel time spent in this place.
 C = Inter-level travel time spent in this place.
 D = Time resting spent in this place.
 E = Time spent auto-exploring this place.
 F = Levels seen in this place.
 G = Mean time per level.
                   A        B        C        D        E       F      G
               +--------+--------+--------+--------+--------+-----+--------+
         Total |   3453 |   3311 |    142 |     16 |   2850 |   4 |  863.2 |
       Dungeon |   3453 |   3311 |    142 |     16 |   2850 |   4 |  863.2 |
               +--------+--------+--------+--------+--------+-----+--------+

Top non-repeatable levels by time:
     D:2: 1364 daAuts
     D:1: 1154 daAuts
     D:3: 698 daAuts
     D:4: 235 daAuts
